 Dungeon Crawl Stone Soup version 0.25-a0-842-g81a31cfd23 (webtiles) character file.

Game seed: 2931311228035837280, levelgen mode: deterministic

111118 Maedhros the Blocker (level 16, -5/113 HPs)
             Began as an Octopode Fighter on Apr 24, 2020.
             Was the Champion of Cheibriados.
             Slain by Arachne
             ... wielding an uncursed staff of poison
              (16 damage)
             ... on level 2 of the Spider Nest on Apr 25, 2020.
             The game lasted 01:08:42 (12130 turns).

Maedhros the Blocker (Octopode Fighter)            Turns: 12130, Time: 01:08:43

Health: -5/113     AC:  2    Str: 34    XL:     16   Next: 56%
Magic:  20/24      EV: 11    Int: 29    God:    Cheibriados [******]
Gold:   747        SH:  0    Dex: 32    Spells: 11/26 levels left

rFire    . . .     SeeInvis .   z - +6 demon trident (flame)
rCold    . . .     Gourm    .   b - +3 kite shield
rNeg     . . .     Faith    .   (helmet restricted)
rPois    +         Spirit   .   q - amulet of regeneration
rElec    .         Reflect  .   i - +1 ring of protection (curse)
rCorr    +         Harm     .   S - ring of resist corrosion
MR       +....                  G - ring of poison resistance
Stlth    ++++......             J - ring of stealth
HPRegen  0.68/turn              L - +3 ring of intelligence
MPRegen  0.19/turn              n - +3 ring of strength
                                (no ring)
                                (no ring)

@: very slightly contaminated, held, lightly drained, very slow
A: almost no armour, stealthy swim, amphibious, 8 rings, constrict 8, camouflage
1, blurry vision 1, deterioration 1, robust 1, gelatinous body 1
a: Bend Time, Temporal Distortion, Slouch, Step From Time, Renounce Religion


You were on level 2 of the Spider Nest.
You worshipped Cheibriados.
Cheibriados was exalted by your worship.
You were not hungry.

You visited 4 branches of the dungeon, and saw 25 of its levels.

You collected 2242 gold pieces.
You spent 1495 gold pieces at shops.

Inventory:

Hand Weapons
 h - the +7 broad axe of Truth {vorpal, rF+ rC+ Dex+4}
   (You found it on level 6 of the Dungeon)

   It inflicts extra damage upon your enemies.
   It affects your dexterity (+4).
   It protects you from fire.
   It protects you from cold.
 z - a +6 demon trident of flaming (weapon)
 B - the +4 whip "Noari" {freeze, *Rage +Inv Str+3}
   (You found it on level 6 of the Dungeon)

   It has been specially enchanted to freeze those struck by it, causing extra
   injury to most foes and up to half again as much damage against particularly
   susceptible opponents.
   It can also slow down cold-blooded creatures.
   It affects your strength (+3).
   It lets you turn invisible.
   It may make you go berserk in combat.
Missiles
 p - 49 poisoned darts (quivered)
 v - 5 boomerangs of dispersal
 H - 2 atropa-tipped darts
 R - 9 curare-tipped darts
Armour
 a - a +2 tower shield of fire resistance
 b - a +3 kite shield (worn)
Jewellery
 g - an uncursed amulet of rage {unknown}
 i - a cursed +1 ring of protection (left tentacle)
 j - an uncursed ring of fire
 n - a +3 ring of strength (on tentacle)
 q - an amulet of regeneration (around mantle)
 G - a ring of poison resistance (on tentacle)
 J - a ring of stealth (on tentacle)
 L - a +3 ring of intelligence (on tentacle)
 S - a ring of resist corrosion (right tentacle)
 T - a cursed amulet of magic regeneration
 X - an uncursed amulet of faith {unknown}
Wands
 e - a wand of digging (2)
 f - a wand of iceblast (18)
 y - a wand of flame (5)
 D - a wand of disintegration (12)
 W - a wand of scattershot (2)
 Y - a wand of acid (5)
Scrolls
 l - 2 scrolls of remove curse
 s - 2 scrolls of magic mapping
 t - 6 scrolls of teleportation
 u - a scroll of identify
 w - a scroll of torment {unknown}
 x - a scroll of blinking
 C - 3 scrolls of fog
 Q - a scroll of brand weapon
 U - a scroll of immolation
Potions
 c - 3 potions of might
 k - a potion of stabbing
 m - a potion of magic
 o - 7 potions of curing
 r - 2 potions of brilliance
 E - 2 potions of berserk rage {unknown}
 F - 2 potions of heal wounds
 I - 2 potions of ambrosia {unknown}
 K - a potion of resistance {unknown}
 N - 2 potions of lignification
 O - a potion of experience {unknown}
 P - 4 potions of flight
 V - 2 potions of invisibility
Miscellaneous
 A - a box of beasts
 M - a phantom mirror
Comestibles
 d - 37 rations


   Skills:
 - Level 7.6(7.1) Fighting
 - Level 13.5 Axes
 * Level 6.8(10.6) Polearms
 - Level 7.5(7.1) Dodging
 * Level 14.6(14.1) Shields
 - Level 5.8(5.4) Unarmed Combat
 * Level 5.9(5.5) Spellcasting
 - Level 6.4(6.0) Summonings
 + Level 3.4(3.0) Necromancy
 - Level 8.0(7.6) Translocations
 - Level 6.4(6.0) Air Magic
 - Level 8.6(8.2) Invocations
 - Level 6.4(5.9) Evocations


You had 11 spell levels left.
You knew the following spells:

 Your Spells              Type           Power        Failure   Level  Hunger
a - Summon Lightning Spi  Summ/Air       #####...     5%          4    ###....
b - Animate Skeleton      Necr           N/A          1%          1    None
c - Apportation           Tloc           ######       1%          1    None
d - Summon Forest         Summ/Tloc      #####.....   11%         5    #####..
e - Animate Dead          Necr           N/A          19%         4    ###....

Your spell library contained the following spells:

 Spells                   Type           Power        Failure   Level  Hunger
 Pain                     Necr           ####         1%          1    None
 Summon Small Mammal      Summ           ####         1%          1    None
 Blink                    Tloc           N/A          1%          2    None
 Call Imp                 Summ           #####...     1%          2    None
 Call Canine Familiar     Summ           #####...     1%          3    None
 Recall                   Summ/Tloc      N/A          1%          3    None
 Poisonous Vapours        Pois/Air       ####..       3%          2    None
 Vampiric Draining        Necr           ####......   5%          3    None
 Summon Guardian Golem    Hex/Summ       ####....     6%          3    None
 Corona                   Hex            #......      7%          1    None
 Foxfire                  Conj/Fire      #...         7%          1    None
 Magic Dart               Conj           #...         7%          1    None
 Mephitic Cloud           Conj/Pois/Air  ###.....     9%          3    None
 Ensorcelled Hibernation  Hex/Ice        #.....       10%         2    None
 Slow                     Hex            #.......     10%         2    None
 Aura of Abjuration       Summ           #####.....   16%         5    #####..
 Summon Demon             Summ           #####.....   16%         5    #####..
 Summon Ice Beast         Ice/Summ       ####....     19%         4    ###....
 Confusing Touch          Hex            #.......     21%         3    None
 Conjure Flame            Conj/Fire      #.......     21%         3    None
 Dazzling Flash           Conj/Hex       #.....       21%         3    None
 Ignite Poison            Fire/Tmut/Pois #.......     21%         3    None
 Inner Flame              Hex/Fire       #.......     21%         3    None
 Tukima's Dance           Hex            #.......     21%         3    None
 Agony                    Necr           ####....     45%         5    #####..
 Summon Mana Viper        Hex/Summ       ####....     47%         5    #####..
 Sticky Flame             Conj/Fire      #.......     54%         4    ###....
 Shadow Creatures         Summ           N/A          65%         6    ######.
 Fireball                 Conj/Fire      #.........   88%         5    #####..
 Freezing Cloud           Conj/Ice/Air   ###.......   99%         6    ######.
 Starburst                Conj/Fire      #.........   100%        6    ######.
 Ring of Flames           Chrm/Fire      #.........   100%        7    #######
 Ignition                 Fire           #.........   100%        8    #######


Dungeon Overview and Level Annotations

Branches:
Dungeon (15/15)            Temple (0/1) D:5            Lair (6/6) D:8
 Shoals (0/4) Lair:3       Spider (2/4) Lair:3        Slime (0/5) Lair:5
    Orc (2/2) D:11            Elf (0/3) Orc:2        Vaults (0/5) D:14
 Depths (0/5) D:15

Altars:
Cheibriados
Elyvilon
Fedhas
Gozag
Qazlal
Ru
Uskayaw
Wu Jian
Yredelemnul
Zin
The Shining One
Beogh

Shops:
D:11 }   D:13 %   Orc:2 ((*[*

Annotations:
Lair:3 exclusion: oklob plant
Spider:2 Arachne


Innate Abilities, Weirdness & Mutations

You cannot wear most types of armour.
You are very stealthy in the water. (Stealth+)
You are amphibious.
You can wear up to eight rings at the same time.
You can use your tentacles to constrict eight enemies at once.
Your skin changes colour to match your surroundings (Stealth+).
Your rubbery body absorbs attacks. (AC +1, EV +1)
Scrolls take you a little longer to read.
Your body sometimes deteriorates upon taking damage.
You are robust. (+10% HP)


Message History

Aiming: Scattershot
Press: ? - help, Shift-Dir - straight line The burst of metal fragments hits something!! x2
The burst of metal fragments hits something! x2
The burst of metal fragments hits something!!
You feel sick. Something hits you!!
* * * LOW HITPOINT WARNING * * *
Something envenoms you.
* * * LOW HITPOINT WARNING * * *
You are more poisoned.
You block the jumping spider's attack. The jumping spider bites you!
* * * LOW HITPOINT WARNING * * *
Unknown command.
You feel better.
You feel roots moving beneath the ground.
You block something's attack. The jumping spider pounces on you.
* * * LOW HITPOINT WARNING * * *
You are caught in a web!
The jumping spider barely misses you. Something hits you!
You die...

.................)....#.
............^.♣.........
........................
...♣..........^>........
........................
....^............^....[.
...≈.........♣..........
...≈≈≈...{..........
..^≈≈....s@........
...≈≈≈...RZ........
....≈≈..ZZZ.†....♣.
^..^≈.....Z........
.#.....Z.........♣.
###...............
#♣.##.#......... ##
#.#.....♣.[.
##.#....#...


You could see a jumping spider, a friendly dryad, a friendly wolf spider zombie
(wandering), 2 friendly jumping spider zombies, a friendly tarantella zombie
(wandering), a friendly demonic crawler zombie (wandering) and the friendly
Donald the human zombie (wandering).

Vanquished Creatures
  Jorgrun (Spider:1)
  The ghost of tmanko2 the Fighter, a journeyman OgHu of Ru (Lair:6)
  An entropy weaver (Spider:1)
  Josephine (Lair:4)
  4 vault guards (D:14)
  A centaur warrior (D:15)
  4 ogre magi
  4 hydras
  A death knight (D:14)
  17 two-headed ogres
  3 death yaks (Lair:6)
  Sonja (Lair:3)
  3 skeletal warriors (D:13)
  A wizard (D:15)
  4 unseen horrors
  2 deep trolls (Orc:2)
  An orc knight (Orc:2)
  9 wolf spiders
  3 orb spiders
  2 orc sorcerers (D:15)
  5 deep elf magi
  10 ugly things
  5 cyclopes
  2 manticores (D:14)
  2 elephants (Lair:6)
  7 black mambas
  Maurice (D:11)
  A black mamba (shapeshifter) (D:15)
  Maggie (D:7)
  15 spiny frogs
  A gargoyle (D:11)
  6 komodo dragons
  A kobold demonologist (D:14)
  2 tengu conjurers (D:14)
  5 demonic crawlers
  12 trolls
  A hornet (shapeshifter) (D:15)
  15 jumping spiders
  7 hornets
  13 blink frogs
  4 dream sheep (Lair:4)
  9 hippogriffs
  7 slime creatures
  42 yaks
  10 redbacks
  14 tarantellas
  12 wyverns
  A shadow (D:13)
  3 wraiths (Lair:4)
  4 basilisks
  10 killer bees
  2 hungry ghosts
  2 vampire mosquitoes (D:13)
  4 wargs (Orc:2)
  An acid dragon (D:14)
  16 water moccasins
  A floating eye (shapeshifter) (D:11)
  6 porcupines
  An ice beast (D:12)
  17 orc warriors
  3 sky beasts
  5 eyes of draining
  A phantom (D:12)
  A black bear (D:9)
  34 ogres
  17 wolves
  4 centaurs
  6 crocodiles
  16 bullfrogs
  A wyvern zombie (D:12)
  2 wyvern skeletons (D:14)
  7 scorpions
  4 howler monkeys
  6 wights
  3 electric eels
  5 crimson imps
  4 bullfrog zombies
  2 centaur zombies
  A quasit (D:11)
  5 centaur skeletons
  10 hounds
  3 jellies
  10 orc priests
  4 bullfrog skeletons
  17 orc wizards
  3 iguanas
  8 worker ants
  A hound zombie (D:8)
  2 hound skeletons
  A worker ant zombie (D:9)
  13 adders
  3 gnolls (D:8)
  A shadow imp (D:9)
  An ooze (D:4)
  An adder skeleton (D:9)
  A worm (D:3)
  2 dart slugs
  A leopard gecko (D:5)
  69 orcs
  4 ball pythons
  10 bats
  6 giant cockroaches
  5 hobgoblins
  11 jackals
  9 kobolds
  3 quokkas
  A frilled lizard (D:1)
  A giant cockroach zombie (D:5)
  6 goblins
  A leopard gecko skeleton (D:6)
  A quokka zombie (D:7)
  8 rats
  5 fungi
  11 plants
702 creatures vanquished.

Vanquished Creatures (collateral kills)
  Rupert (Lair:6)
  Donald (Spider:2)
  A hydra (Lair:5)
  A two-headed ogre (D:15)
  4 wolf spiders
  8 orb spiders
  3 black mambas
  3 elephants (Lair:6)
  A guardian serpent (Lair:6)
  3 spiny frogs
  3 demonic crawlers (Spider:2)
  5 jumping spiders
  A hornet (Spider:1)
  4 blink frogs
  A slime creature (D:12)
  2 redbacks (Spider:2)
  A wyvern (Lair:6)
  7 yaks
  A tarantella (Spider:1)
  2 wraiths (Lair:4)
  A basilisk (Lair:6)
  2 water moccasins (Lair:4)
  2 porcupines
  An orc warrior (Orc:1)
  2 ogres
  A wolf (Lair:6)
  An orc wizard (Orc:1)
  A nameless horror (Lair:1)
  A leopard gecko (D:10)
  2 orcs (Orc:1)
  8 fungi
  5 plants
80 creatures vanquished.

Vanquished Creatures (others)
  2 trolls (D:11)
  5 fungi
  11 plants
  2 snaplasher vines
20 creatures vanquished.

Grand Total: 802 creatures vanquished

Notes
Turn   | Place    | Note
-------+----------+-------------------------------------------
     0 | D:1      | Maedhros the Octopode Fighter began the quest for the Orb.
     0 | D:1      | Reached XP level 1. HP: 16/16 MP: 1/1
    89 | D:1      | Reached XP level 2. HP: 21/21 MP: 2/2
   771 | D:2      | Reached XP level 3. HP: 26/26 MP: 3/3
  1026 | D:3      | Reached skill level 4 in Shields
  1026 | D:3      | Reached XP level 4. HP: 26/31 MP: 4/4
  1106 | D:4      | Reached XP level 5. HP: 3/36 MP: 5/5
  1109 | D:4      | HP: 2/54 [poisoned by an adder]
  1403 | D:5      | Entered Level 5 of the Dungeon
  1403 | D:5      | Noticed a sky beast
  1403 | D:5      | Noticed a centaur
  1406 | D:5      | Killed a centaur
  1433 | D:5      | Noticed an ogre
  1437 | D:5      | Reached skill level 5 in Shields
  1437 | D:5      | Reached XP level 6. HP: 12/42 MP: 6/6
  1504 | D:5      | Found a snail-covered altar of Cheibriados.
  1519 | D:5      | Became a worshipper of Cheibriados the Contemplative
  1626 | D:5      | Reached skill level 1 in Unarmed Combat
  1640 | D:4      | Reached XP level 7. HP: 46/46 MP: 7/7
  1859 | D:2      | Reached * piety under Cheibriados
  1898 | D:2      | Found a glowing silver altar of Zin.
  1912 | D:2      | Found a hide-covered altar of Uskayaw.
  2146 | D:3      | Found a stormy altar of Qazlal.
  2344 | D:4      | Found an ornate altar of the Wu Jian Council.
  2381 | D:4      | Reached skill level 6 in Shields
  2489 | D:5      | Reached ** piety under Cheibriados
  2563 | D:6      | Gained mutation: Scrolls take you a little longer to read.
                  | [potion of mutation]
  2563 | D:6      | Gained mutation: Your body sometimes deteriorates upon
                  | taking damage. [potion of mutation]
  2563 | D:6      | Gained mutation: You are robust. (+10% HP) [potion of
                  | mutation]
  2585 | D:6      | Reached XP level 8. HP: 55/57 MP: 8/8
  2850 | D:6      | Found a sacrificial altar of Ru.
  2933 | D:5      | Found a staircase to the Ecumenical Temple.
  2979 | D:6      | Reached skill level 5 in Unarmed Combat
  2998 | D:6      | Got an ancient whip
  3001 | D:6      | Identified the +4 whip "Noari" {freeze, *Rage +Inv Str+3}
                  | (You found it on level 6 of the Dungeon)
  3070 | D:6      | Got a scorched broad axe
  3071 | D:6      | Identified the +7 broad axe of Truth {vorpal, rF+ rC+
                  | Dex+4} (You found it on level 6 of the Dungeon)
  3125 | D:7      | Noticed Maggie
  3132 | D:7      | Reached skill level 7 in Shields
  3144 | D:7      | Killed Maggie
  3187 | D:7      | Found an opulent altar of Gozag.
  3188 | D:7      | Found a glowing golden altar of the Shining One.
  3227 | D:7      | Reached *** piety under Cheibriados
  3229 | D:7      | Reached XP level 9. HP: 60/61 MP: 9/9
  3245 | D:6      | Found a basalt altar of Yredelemnul.
  3309 | D:8      | Learned a level 4 spell: Summon Lightning Spire
  3366 | D:8      | Reached skill level 1 in Summonings
  3366 | D:8      | Reached skill level 1 in Air Magic
  3383 | D:8      | Learned a level 1 spell: Animate Skeleton
  3385 | D:8      | Learned a level 1 spell: Apportation
  3526 | D:8      | Found a staircase to the Lair.
  3590 | D:9      | Noticed a red ugly thing
  3595 | D:9      | Killed a red ugly thing
  3595 | D:9      | Reached skill level 5 in Axes
  3596 | D:9      | Reached **** piety under Cheibriados
  3654 | D:9      | Found a white marble altar of Elyvilon.
  3665 | D:9      | Reached skill level 8 in Shields
  3688 | D:9      | Reached XP level 10. HP: 46/70 MP: 10/10
  3837 | D:9      | Got a faintly glowing dagger
  3908 | D:10     | Entered Level 10 of the Dungeon
  4004 | D:10     | Reached ***** piety under Cheibriados
  4110 | D:10     | Got a smoking dagger
  4164 | D:9      | Reached skill level 1 in Necromancy
  4305 | D:11     | Found Kakimih's Gadget Boutique.
  4305 | D:11     | Noticed Maurice
  4319 | D:11     | Reached skill level 1 in Evocations
  4328 | D:11     | Killed Maurice
  4344 | D:11     | Reached skill level 5 in Dodging
  4345 | D:11     | Reached skill level 5 in Summonings
  4345 | D:11     | Reached skill level 5 in Air Magic
  4348 | D:11     | Reached skill level 5 in Fighting
  4349 | D:11     | Reached XP level 11. HP: 19/78 MP: 12/12
  4409 | D:11     | Reached skill level 1 in Invocations
  4461 | D:11     | Noticed a red ugly thing
  4461 | D:11     | Noticed a red ugly thing
  4462 | D:11     | Noticed a white ugly thing
  4725 | D:11     | Found a staircase to the Orcish Mines.
  4733 | D:11     | Found a roughly hewn altar of Beogh.
  4774 | Orc:1    | Entered Level 1 of the Orcish Mines
  4774 | Orc:1    | Found a roughly hewn altar of Beogh.
  4774 | Orc:1    | Noticed a cyclops
  4777 | Orc:1    | Reached ****** piety under Cheibriados
  4869 | D:11     | Killed a red ugly thing
  4873 | D:11     | Killed a red ugly thing
  4909 | D:11     | Killed a brown ugly thing
  4943 | D:12     | Paralysed by a hornet for 1 turns
  4947 | D:12     | Killed an unseen horror
  5022 | D:12     | Noticed a two-headed ogre
  5030 | D:12     | Killed a two-headed ogre
  5030 | D:12     | Reached skill level 9 in Shields
  5137 | D:12     | Killed an unseen horror
  5187 | D:13     | Noticed a brown ugly thing
  5193 | D:13     | Noticed a skeletal warrior
  5202 | D:13     | Noticed a deep elf mage
  5276 | D:13     | Reached XP level 12. HP: 52/84 MP: 15/15
  5279 | D:13     | Reached skill level 5 in Invocations
  5355 | D:13     | Noticed a two-headed ogre
  5360 | D:13     | Killed a two-headed ogre
  5493 | D:13     | Found Buurr's Food Shop.
  5495 | D:13     | Reached skill level 10 in Shields
  5562 | D:13     | Reached skill level 5 in Evocations
  5609 | D:13     | Identified a scroll of acquirement
  6004 | Orc:2    | Entered Level 2 of the Orcish Mines
  6231 | Orc:2    | Noticed a two-headed ogre
  6231 | Orc:2    | Noticed a two-headed ogre
  6231 | Orc:2    | Noticed a two-headed ogre
  6232 | Orc:2    | Noticed an ogre mage
  6234 | Orc:2    | Noticed a two-headed ogre
  6238 | Orc:2    | Noticed a two-headed ogre
  6241 | Orc:2    | Killed a two-headed ogre
  6241 | Orc:2    | Reached XP level 13. HP: 89/89 MP: 18/18
  6243 | Orc:2    | Reached skill level 10 in Axes
  6244 | Orc:2    | Reached skill level 11 in Shields
  6277 | Orc:2    | Found Rioreu's Weapon Shoppe.
  6295 | Orc:2    | Found a staircase to the Elven Halls.
  6562 | Lair:1   | Entered Level 1 of the Lair of Beasts
  6683 | Lair:1   | Reached skill level 1 in Translocations
  7103 | Lair:3   | Found a blossoming altar of Fedhas.
  7175 | Lair:3   | Found a sacrificial altar of Ru.
  7200 | Lair:3   | Noticed Sonja
  7204 | Lair:3   | Killed Sonja
  7215 | Lair:3   | Learned a level 5 spell: Summon Forest
  7432 | Lair:4   | Noticed Josephine
  7447 | Lair:4   | Killed Josephine
  7504 | Lair:4   | Reached XP level 14. HP: 60/97 MP: 20/20
  7601 | Lair:4   | Reached skill level 12 in Shields
  7868 | Lair:5   | Found a staircase to the Slime Pits.
  8020 | Lair:6   | Entered Level 6 of the Lair of Beasts
  8091 | Lair:6   | Found a dark tunnel.
  8221 | Lair:6   | Found a runed translucent door.
  8221 | Lair:6   | Noticed tmanko2's ghost (journeyman OgHu)
  8318 | Lair:6   | Killed tmanko2's ghost
  8403 | Lair:6   | Reached skill level 5 in Translocations
  8684 | Lair:6   | Noticed Rupert
  8705 | Lair:6   | Killed Rupert
  8730 | Lair:6   | Reached skill level 13 in Shields
  9102 | Orc:2    | Found Nitynny's Antique Weapon Boutique.
  9104 | Orc:2    | Found Kos Tueh's Assorted Antiques.
  9107 | Orc:2    | Reached XP level 15. HP: 106/106 MP: 21/21
  9157 | Orc:2    | Found Nailoko's Antique Armour Emporium.
  9189 | Orc:2    | Found Wuhohaha's Assorted Antiques.
  9197 | Orc:2    | Bought a fluorescent wand for 96 gold pieces
  9197 | Orc:2    | Bought 2 potions of curing for 144 gold pieces
  9197 | Orc:2    | Bought a potion of magic for 192 gold pieces
  9209 | Orc:2    | Bought a scroll of fog for 40 gold pieces
  9209 | Orc:2    | Bought a potion of curing for 60 gold pieces
  9209 | Orc:2    | Bought a scroll of identify for 40 gold pieces
  9298 | D:11     | Bought a wand of iceblast (12) for 208 gold pieces
  9298 | D:11     | Bought a wand of scattershot (5) for 351 gold pieces
  9298 | D:11     | Bought a wand of acid (10) for 364 gold pieces
  9457 | D:15     | Entered Level 15 of the Dungeon
  9465 | D:14     | Reached skill level 1 in Spellcasting
  9670 | D:14     | You fall into a shaft and drop 1 floor!
  9764 | D:15     | Found a staircase to the Depths.
  9996 | D:14     | Found a gate to the Vaults.
 10185 | D:14     | Reached skill level 14 in Shields
 10597 | Lair:2   | Reached XP level 16. HP: 113/113 MP: 22/22
 10762 | Lair:3   | Found a staircase to the Shoals.
 10900 | Lair:3   | Found a hole to the Spider Nest.
 11422 | Spider:1 | Entered Level 1 of the Spider Nest
 11426 | Spider:1 | Reached skill level 5 in Polearms
 11430 | Spider:1 | Noticed Jorgrun
 11483 | Spider:1 | Killed Jorgrun
 11611 | Spider:1 | Learned a level 4 spell: Animate Dead
 11645 | Spider:1 | Reached skill level 5 in Spellcasting
 12052 | Spider:2 | Noticed Donald
 12069 | Spider:2 | Killed Donald
 12116 | Spider:2 | Noticed Arachne
 12129 | Spider:2 | HP: 2/113 [jumping spider (7)]
 12130 | Spider:2 | Slain by Arachne

Levels and vault maps discovered:
D:1:      saegor_arrival_simple_e, layout_loops_corners, minivault_24,
          chequers_arboretum, minmay_curled_crystal
D:2:      layout_rooms, grunt_temple_overflow_open
D:3:      layout_rooms, lemuel_round_altar
D:4:      layout_gridville, kennysheep_mini_moat, first_ration,
          kennysheep_decorative_pillar
D:5:      layout_rooms, temple_doors_cd, lemuel_altar_in_water
D:6:      cheibrodos_helix_gallery, layout_basic,
          nicolae_overflow_hidden_temple, nicolae_ru_path_of_blood
D:7:      layout_basic, gammafunk_temple_overflow_statue, uniq_harold,
          uniq_maggie, uniq_prince_ribbit1
D:8:      layout_cave_pods
D:9:      layout_loops_ring, old_standard_altar
D:10:     layout_basic, the_bakery
D:11:     layout_rooms, minmay_orc_entry_temple_small, serial_shops, shop,
          small_statue_alley_a, kennysheep_generic_room_5, uniq_maurice
D:12:     layout_gridville
D:13:     layout_gridville, serial_shops, shop
D:14:     layout_basic, lightli_vaults_fourway_checkpoint, minivault_27
D:15:     grunt_enter_depths_magical_seal, layout_basic, serial_park_gazebo
          [serial_park_minivault_5x5_3], chequers_decorated_corner
Lair:1:   layout_loops_ring, grunt_megastairs_1
Lair:2:   layout_cellular_growth, lemuel_old_faithful, grunt_megastairs_3,
          lemuel_fruit_fields
Lair:3:   layout_layer_cave, shoals_dummy_entry, spider_nest_entry_webs,
          basic_altar, tgw_fedhas, uniq_sonja
Lair:4:   beast_lair_carwin_large_2, layout_loops_ring, serial_bayou_lagoon_a,
          chequers_serial_rivers_micro_d, uniq_josephine
Lair:5:   layout_small_grid, slime_dummy
Lair:6:   hangedman_lair_tendril_chambers, layout_cave_pods,
          nicolae_volcano_entry_two_sided, hellmonk_ghost_happy_afterlife,
          lemuel_fruit_tree, uniq_rupert
Spider:1: layout_spider_delve, hangedman_spider_trapstep, uniq_jorgrun
Spider:2: layout_spider_delve, uniq_donald, uniq_arachne
Orc:1:    layout_diamond_mine, basic_altar
Orc:2:    st_orc_open, layout_diamond_mine, serial_shops, shop_fountains

Skill      XL: |  1  2  3  4  5  6  7  8  9 10 11 12 13 14 15 16 |
---------------+-------------------------------------------------+-----
Polearms       | 3 4 6 |  6.8
Shields        | 4 5 6 7 8 9 10 11 13 14 | 14.6
Unarmed Combat | 1 4 5 |  5.8
Axes           | 3 5 6 8 9 11 12 13 | 13.5
Summonings     | 3 5 6 |  6.4
Air Magic      | 3 5 6 |  6.4
Fighting       | 4 5 7 |  7.6
Dodging        | 4 5 7 |  7.5
Necromancy     | 2 3 |  3.4
Evocations     | 1 3 5 6 |  6.4
Invocations    | 4 7 8 |  8.6
Translocations | 2 6 7 8 |  8.0
Spellcasting   | 4 5 |  5.9

Action                   |  1- 3 |  4- 6 |  7- 9 | 10-12 | 13-15 | 16-18 || total
-------------------------+-------+-------+-------+-------+-------+-------++-------
Melee: Trident           |    73 |    59 |   110 |       |       |       ||   242
       Constrict         |    14 |    10 |    48 |    55 |    85 |    28 ||   240
       Tentacles         |     9 |    15 |    52 |    94 |   194 |    32 ||   396
       Spear             |       |       |    19 |    13 |       |       ||    32
       Punch             |       |       |     7 |    23 |    50 |     9 ||    89
       Broad axe         |       |       |    75 |   317 |   539 |     4 ||   935
       Whip              |       |       |       |       |     5 |       ||     5
       Demon trident     |       |       |       |       |       |   125 ||   125
       Unarmed           |       |       |       |       |       |     1 ||     1
Throw: Dart              |       |       |       |     4 |       |       ||     4
 Cast: Animate Skeleton  |       |       |       |     7 |    76 |       ||    83
       Summon Lightning  |       |       |       |     2 |     4 |     2 ||     8
       Apportation       |       |       |       |       |     9 |     1 ||    10
       Summon Forest     |       |       |       |       |     2 |     5 ||     7
       Animate Dead      |       |       |       |       |       |     8 ||     8
Invok: Slouch            |       |       |       |     3 |    14 |     6 ||    23
Evoke: Wand              |       |     1 |     7 |    27 |    26 |     9 ||    70
  Use: Potion            |       |     9 |     2 |     8 |     3 |     2 ||    24
       Scroll            |       |     1 |     9 |    10 |     5 |     5 ||    30
 Stab: Sleeping          |     5 |     4 |     8 |    14 |    14 |     5 ||    50
       Distracted        |       |       |       |     1 |    11 |     4 ||    16
       Held in net/web   |       |       |       |       |       |     1 ||     1
  Eat: Chunk             |       |     2 |     6 |     7 |    17 |       ||    32
       Ration            |       |       |       |       |       |     2 ||     2
Armor: Skin              |     7 |    16 |    15 |    56 |    32 |     1 ||   127
Dodge: Dodged            |    27 |    43 |   112 |   144 |   234 |    63 ||   623
Block: Kite shield       |    29 |    48 |   113 |   263 |   493 |    75 ||  1021

Table legend:
 A = Non-vault XP
 B = Vault XP
 C = Vault XP percentage of total XP
 D = Non-vault monster count
 E = Vault monster count
 F = Vault count percentage of total count
                 A         B        C        D         E       F
            +---------+---------+-------+---------+---------+-------
      Total |  106179 |   52561 |  33.1 |     614 |     139 |  18.5
            +---------+---------+-------+---------+---------+-------
        D:1 |      33 |       0 |   0.0 |      19 |       0 |   0.0
        D:2 |      62 |       0 |   0.0 |      17 |       0 |   0.0
        D:3 |      59 |       0 |   0.0 |      24 |       0 |   0.0
        D:4 |     296 |       0 |   0.0 |      20 |       0 |   0.0
        D:5 |     759 |       0 |   0.0 |      17 |       0 |   0.0
        D:6 |     304 |     205 |  40.3 |      10 |       2 |  16.7
        D:7 |     380 |     409 |  51.8 |      16 |       1 |   5.9
        D:8 |    1031 |       0 |   0.0 |      17 |       0 |   0.0
        D:9 |    2295 |       0 |   0.0 |      30 |       0 |   0.0
       D:10 |    1622 |       0 |   0.0 |      22 |       0 |   0.0
       D:11 |    4812 |     942 |  16.4 |      37 |      14 |  27.5
       D:12 |    6528 |       0 |   0.0 |      32 |       0 |   0.0
       D:13 |    9837 |       0 |   0.0 |      38 |       0 |   0.0
       D:14 |    9345 |    5599 |  37.5 |      30 |      12 |  28.6
       D:15 |    1273 |    7549 |  85.6 |       4 |      13 |  76.5
     Lair:1 |    4316 |     614 |  12.5 |      18 |       2 |  10.0
     Lair:2 |    2077 |       0 |   0.0 |       8 |       0 |   0.0
     Lair:3 |    4942 |    1243 |  20.1 |      18 |       3 |  14.3
     Lair:4 |    4343 |    2330 |  34.9 |      22 |       9 |  29.0
     Lair:5 |    4711 |       0 |   0.0 |      22 |       0 |   0.0
     Lair:6 |   12903 |   11777 |  47.7 |      49 |      36 |  42.4
   Spider:1 |   14174 |    4961 |  25.9 |      45 |       9 |  16.7
   Spider:2 |    8357 |    1490 |  15.1 |      29 |       1 |   3.3
      Orc:1 |    2533 |       0 |   0.0 |      28 |       0 |   0.0
      Orc:2 |    9187 |   15442 |  62.7 |      42 |      37 |  46.8
            +---------+---------+-------+---------+---------+-------
